 Dungeon Crawl Stone Soup version 0.27.1-34-g3ba077fa99 (webtiles) character file.

Game seed: 8989124898118130413

41 MisterFreud the Skirmisher (level 3, -9/34 HPs)
             Began as a Minotaur Abyssal Knight on Jan 1, 2022.
             Was a Follower of Lugonu.
             Mangled by Sigmund (12 damage)
             ... on level 2 of the Dungeon.
             The game lasted 00:01:43 (1387 turns).

MisterFreud the Skirmisher (MiAK)                   Turns: 1387, Time: 00:01:43

Health: -9/34      AC:  3    Str: 17    XL:     3   Next: 32%
Magic:  3/3        EV: 11    Int:  9    God:    Lugonu [*.....]
Gold:   37         SH:  0    Dex:  9    Spells: 2/2 levels left

rFire    . . .     SeeInvis .   a - +1 falchion
rCold    . . .     Faith    .   (no shield)
rNeg     . . .     Spirit   .   b - +0 leather armour
rPois    .         Reflect  .   (helmet restricted)
rElec    .         Harm     .   (no cloak)
rCorr    .         Rampage  .   (no gloves)
Will     .....                  (no boots)
Stlth    +.........             (no amulet)
HPRegen  0.11/turn              (no ring)
MPRegen  0.08/turn              (no ring)

@: no status effects
A: horns 2, retaliatory headbutt
a: Renounce Religion, Depart the Abyss


You were on level 2 of the Dungeon.
You worshipped Lugonu.
Lugonu was aware of your devotion.
You visited 1 branch of the dungeon, and saw 2 of its levels.
You visited the Abyss 1 time.

You collected 37 gold pieces.

Inventory:

Hand Weapons
 a - a +1 falchion (weapon)
Armour
 b - a +0 leather armour (worn)
Scrolls
 d - a scroll of vulnerability {unknown}
 f - a scroll of blinking {unknown}
 g - a scroll of noise {unknown}
Potions
 c - a potion of mutation
 h - a potion of curing
 i - a potion of resistance {unknown}


   Skills:
 + Level 4.4 Fighting
 + Level 2.8 Long Blades
 + Level 3.1 Armour
 + Level 1.5 Dodging
 + Level 1.9 Invocations


You had 2 spell levels left.
You didn't know any spells.
Your spell library was empty.

Dungeon Overview and Level Annotations

Branches:
Dungeon (2/15)

Altars:

Annotations:
D:2 Sigmund


Innate Abilities, Weirdness & Mutations

You have a pair of horns on your head.
You reflexively headbutt those who attack you in melee.


Message History

You headbutt the quokka!
You kill the quokka!
Lugonu accepts your kill. The worm bites you.
You hit the worm. You headbutt the worm.
The worm is moderately wounded.
The worm closely misses you.
You hit the worm.
The worm is heavily wounded.
You hit the worm but do no damage.
The worm is heavily wounded.
The worm bites you!
You hit the worm.
The worm is heavily wounded.
The worm bites you.
Sigmund shouts!
You hit the worm but do no damage. Your headbutt misses the worm.
The worm is heavily wounded.
Sigmund says, "Your kind have come here before.
I understand now why.
You desire death..."
You hit the worm.
The worm is severely wounded.
The worm bites you.
You are too injured to fight recklessly!
Sigmund mumbles some strange words.
Sigmund flickers and vanishes!
Deactivating autopickup; reactivate with Ctrl-A.
You see here a +0 dagger.
Something tries to affect you, but you resist.
A magic dart appears from out of thin air!
The magic dart hits you!
* * * LOW HITPOINT WARNING * * *
You are confused.
There is a stone staircase leading up here.
In your confused state, you trip and fall back down the stairs.
* * * LOW HITPOINT WARNING * * *
In your confused state, you trip and fall back down the stairs.
* * * LOW HITPOINT WARNING * * *
You feel less confused. Something hits you!
You die...

##.## ###)..##
#......##
##.......########
#......w..)....w.
##.......########
###......##
#........#
#@####..## #.#
#..# #.# ....#
#.##.^...
#.#.#.#.#.
#.[###..#.# ###
.## #


You could see a worm.

Vanquished Creatures
  A gnoll (D:2)
  A dart slug (D:1)
  A ball python (D:1)
  2 endoplasms
  A giant cockroach (D:1)
  2 goblins (D:1)
  4 hobgoblins (D:1)
  2 quokkas
  3 bats
  2 frilled lizards (D:1)
  5 kobolds
  2 rats
26 creatures vanquished.

Notes
Turn   | Place    | Note
-------+----------+-------------------------------------------
     0 | Abyss:1  | MisterFreud the Minotaur Abyssal Knight began the quest for
                  | the Orb.
     0 | Abyss:1  | Reached XP level 1. HP: 19/19 MP: 1/1
    64 | Abyss:1  | Noticed a balrug
    64 | Abyss:1  | Noticed a smoke demon
    65 | D:1      | Escaped the Abyss
   204 | D:1      | Reached * piety under Lugonu
   293 | D:1      | Reached XP level 2. HP: 24/27 MP: 2/2
   458 | D:1      | You fall into a shaft and drop 1 floor!
   470 | D:2      | Reached skill level 4 in Fighting
   851 | D:2      | Noticed Sigmund
  1030 | D:2      | Reached XP level 3. HP: 27/34 MP: 3/3
  1387 | D:2      | Mangled by Sigmund

Illustrated notes

Levels and vault maps discovered:
D:1:      scummos_arrival_hexagon, layout_basic, minmay_misc_feat_ornament
D:2:      layout_loops_cross, basic_ecumenical_altar, uniq_sigmund

Skill      XL: |  1  2 |
---------------+-------+-----
Fighting       | 4 |  4.4
Armour         | 3 |  3.1
Long Blades    | |  2.8
Dodging        | |  1.5
Invocations    | |  1.9

Action                   || total
-------------------------++-------
Melee: Falchion          ||    52
       Headbutt          ||     6
Invok: Depart the Abyss  ||     1
  Use: Scroll            ||     2
Armor: Leather armour    ||    17
Dodge: Dodged            ||    37
       Rpst.: Falchion   ||     5
